 Dungeon Crawl Stone Soup version 0.30.0-29-ga12c61a403 (webtiles) character file.

Game seed: 4521427870453528921

88 H0rd4k the Charlatan (level 4, -5/32 HPs)
             Began as a Human Artificer on June 20, 2023.
             Killed from afar by an orc wizard (14 damage)
             ... with a puff of flame
             ... on level 3 of the Dungeon.
             The game lasted 00:01:38 (1732 turns).

H0rd4k the Charlatan (Human Artificer)              Turns: 1732, Time: 00:01:38

Health: -5/32      AC:  3    Str: 12    XL:     4   Next: 82%
Magic:  4/4        EV: 11    Int: 14    God:
Gold:   139        SH:  0    Dex: 13    Spells: 3/3 levels left

rFire   . . .        q - +1 whip (venom)
rCold   . . .        (no shield)
rNeg    . . .        b - +0 leather armour
rPois   .            (no helmet)
rElec   .            (no cloak)
rCorr   .            (no gloves)
SInv    .            (no boots)
Will    .....        (no amulet)
Stlth   +            (no ring)
HPRegen 0.25/turn    (no ring)
MPRegen 0.09/turn

%: no passive effects
@: no status effects
A: no striking features
a: no special abilities


You were on level 3 of the Dungeon.
You visited 1 branch of the dungeon, and saw 3 of its levels.

You collected 139 gold pieces.

Inventory:

Hand Weapons
 q - a +1 whip of venom (weapon)
Armour
 b - a +0 leather armour (worn)
Wands
 c - a wand of flame (12) (quivered)
 d - a wand of charming (15)
 e - a wand of iceblast (5)
Scrolls
 f - 3 scrolls of identify {unknown}
 g - 3 scrolls of teleportation {unknown}
 l - a scroll of enchant armour {unknown}
 n - 2 scrolls of vulnerability {unknown}
 r - a scroll of magic mapping {unknown}
Potions
 a - a potion of magic {unknown}
 h - 2 potions of cancellation {unknown}
 i - a potion of resistance {unknown}
 j - a potion of berserk rage {unknown}
 k - a potion of mutation {unknown}
 m - 3 potions of heal wounds {unknown}
 o - a potion of might {unknown}
 p - a potion of flight {unknown}


   Skills:
 + Level 1.4 Fighting
 + Level 2.2 Maces & Flails
 - Level 2.0 Armour
 + Level 1.7 Dodging
 + Level 1.4 Stealth
 + Level 3.9 Evocations


You had 3 spell levels left.
You didn't know any spells.
Your spell library contained the following spells:

 Spells                   Type           Power      Damage    Failure   Level
 Summon Ice Beast         Ice/Summ       0%         N/A       98%         4
 Summon Mana Viper        Hex/Summ       0%         N/A       100%        5
 Monstrous Menagerie      Summ           0%         N/A       100%        7


Dungeon Overview and Level Annotations

Branches:
Dungeon (3/15)

Altars:
Yredelemnul

Annotations:
D:3 1 transporter, Levsong's ghost, amateur AtFi


Message History

Found a leather armour.
Found a transporter.
You see here a +0 leather armour.
Found a spear.
No target in view!
You pick up a book of Beasts and begin reading...
You add the spells Summon Ice Beast, Summon Mana Viper and Monstrous Menagerie to your library.
The quasit gives a chilling moan.
You hear a chilling moan.
You see here a +0 spear.
A hobgoblin comes into view.
The hobgoblin shouts!
A hobgoblin is nearby!
No reachable target in view!
No reachable target in view!
No reachable target in view!
No reachable target in view!
A hobgoblin is nearby!
A hobgoblin is nearby!
A hobgoblin is nearby!
A rat comes into view.
You see here a scroll labelled INIESITHR YBBUTETS.
r - a scroll labelled INIESITHR YBBUTETS
Found a falchion.
Found a basalt altar of Yredelemnul.
The orc wizard shouts!
You hit the rat.
The rat is poisoned.
The rat is moderately wounded.
You kill the rat!
The orc wizard points at you and mumbles some strange words.
The puff of flame hits you!
The orc wizard gestures at you while chanting.
The magic dart hits you! The orc wizard casts a spell at you.
The magic dart hits you!
* * * LOW HITPOINT WARNING * * *
You hit the orc wizard.
The orc wizard is poisoned.
The orc wizard is moderately wounded.
The orc wizard casts a spell at you. The puff of flame hits you!
You die...

.......#
####.....# ##
≈≈≈≈≈≈≈.. #....##
......≈.## #.####
≈≈≈.≈.≈.†# #.#
≈...≈.≈..#######.#
≈._.≈.≈..........#
≈...§§≈.......#..#
≈≈≈≈≈.§..####.#..#
§....g≈.@# #.#..#
≈≈≈≈§§≈o.# #.#..#
§........# #.#..#
...#.##..# #.#..#
.#... ..)# #.#..#
..# ##.## #.# ..
.. #.


You could see an orc wizard (very poisoned) and a hobgoblin.

Vanquished Creatures
  An orc wizard (D:2)
  2 adders (D:2)
  An orc (D:2)
  3 ball pythons (D:2)
  8 bats
  4 endoplasms (D:1)
  A giant cockroach (D:1)
  8 goblins
  3 kobolds
  3 quokkas
  4 frilled lizards
  4 rats
42 creatures vanquished.

Notes
Turn   | Place    | Note
-------+----------+-------------------------------------------
     0 | D:1      | H0rd4k the Human Artificer began the quest for the Orb.
     0 | D:1      | Reached XP level 1. HP: 15/15 MP: 1/1
   200 | D:1      | Reached XP level 2. HP: 5/21 MP: 2/2
   667 | D:1      | Reached XP level 3. HP: 26/26 MP: 3/3
  1144 | D:2      | Reached skill level 1 in Maces & Flails
  1144 | D:2      | Reached XP level 4. HP: 18/32 MP: 4/4
  1661 | D:3      | Noticed Levsong's ghost (amateur AtFi)
  1676 | D:3      | Found a transporter.
  1724 | D:3      | Found a basalt altar of Yredelemnul.
  1732 | D:3      | Killed from afar by an orc wizard

Illustrated notes

Levels and vault maps discovered:
D:1:      dpeg_arrival_subterranean_lakeside_camping, layout_rooms,
          chequers_garden, corexii_item_surrounded_by_moat, chequers_jeans,
          serial_bayou_pond_c
D:2:      layout_rooms, minmay_misc_feat_doors, st_stairs_11
D:3:      layout_loops_ring, mainiacjoe_overflow_concentric_impassable,
          gammafunk_ghost_stat_death, nicolae_goblin_pals

Skill      XL: |  1  2  3  4 |
---------------+-------------+-----
Maces & Flails | 1 2 |  2.2
Fighting       | |  1.4
Armour         | |  2.0
Dodging        | |  1.7
Stealth        | |  1.4
Evocations     | |  3.9

Action                     |  1- 3 |  4- 6 || total
---------------------------+-------+-------++-------
  Melee: Club              |   106 |       ||   106
         Punch             |     2 |       ||     2
         Whip              |    28 |    43 ||    71
  Evoke: Wand              |     3 |       ||     3
   Stab: Sleeping          |     2 |       ||     2
 Armour: Leather armour    |    58 |    13 ||    71
  Dodge: Dodged            |   136 |    30 ||   166
